[Event "Titled Tuesday Blitz November 22 Early 2022"]
[White "Zhigalko, Sergei"]
[Black "Artemenko, Oleg"]
[WhiteFideId "13502956"]
[BlackFideId "14201798"]
[WhiteElo "2662"]
[BlackElo "2287"]
[Result "1-0"]
[Round "08"]
[TimeControl "180+1"]
[Date "2022.11.22"]
[WhiteClock "0:00:19"]
[BlackClock "0:00:07"]

1. e4 e6 2. d4 d5 3. e5 c5 4. c3 Nc6 5. Nf3 Qb6 6. Bd3 Bd7 7. dxc5 Bxc5 8. O-O Nh6 9. b4 Be7 10. Qe2 a6 11. Nbd2 Nf5 12. Nb3 Qc7 13. Bf4 Nh4 14. Nxh4 Bxh4 15. Nc5 Be7 16. Nxd7 Qxd7 17. Rad1 h5 18. a3 g5 19. Bc1 Qc7 20. Rfe1 O-O-O 21. a4 Kb8 22. Bd2 g4 23. Rb1 Na7 24. Be3 Rc8 25. b5 axb5 26. axb5 b6 27. Ra1 Bc5 28. Ra6 Kb7 29. Rea1 Ra8 30. Qa2 Qb8 31. Bxc5 bxc5 32. Qa5 Rd8 33. Rb6+ Kc8 34. Rxb8+ Rxb8 35. Qxa7 Rd7 36. Qa6+ Rdb7 37. Qd6 Rd7 38. Qxc5+ Rc7 39. Qf8+ Kb7 40. Qd6 Rxc3 41. Bf1 Rbc8 42. Qa6+ Kc7 43. b6+ Kd8 44. b7 Rb8 45. Qd6+ Ke8 46. Qxb8+ Ke7 47. Qd6+ Ke8 48. b8=Q+ Rc8 49. Qxc8# 1-0


[Site "https://www.chess.com"]

[Event "Titled Tuesday Blitz November 22 Early 2022"]
[White "Aarav Dengla"]
[Black "Torres Dominguez, David"]
[WhiteFideId "45059756"]
[BlackFideId "2220857"]
[WhiteElo "2261"]
[BlackElo "2037"]
[Result "1-0"]
[Round "09"]
[TimeControl "180+1"]
[Date "2022.11.23"]
[WhiteClock "0:01:37"]
[BlackClock "0:00:36"]

1. e4 Nc6 2. d4 e5 3. d5 Nce7 4. c4 Ng6 5. Nc3 Bb4 6. a3 Bxc3+ 7. bxc3 d6 8. g3 N8e7 9. h4 O-O 10. h5 Nh8 11. Bg2 f5 12. Nh3 Nf7 13. Qd3 b6 14. Ng5 Nxg5 15. Bxg5 Qe8 16. O-O-O h6 17. Bd2 fxe4 18. Bxe4 Bf5 19. f3 Qf7 20. Rdf1 Rae8 21. g4 Bd7 22. g5 Nf5 23. gxh6 gxh6 24. Rfg1+ Kh7 25. Rg6 Kh8 26. Rhg1 Rg8 27. Bxf5 Bxf5 28. Rxh6+ Bh7 29. Bg5 e4 30. Qd4+ Re5 31. Bf6+ Qxf6 32. Rxg8+ Kxg8 33. Rxf6 e3 34. Kd1 e2+ 35. Ke1 Kg7 36. Qf4 Bd3 37. h6+ Kh7 38. Rf7+ Kg6 39. Rg7+ Kh5 40. h7 1-0


[Site "https://www.chess.com"]

[Event "Titled Tuesday Blitz November 22 Early 2022"]
[White "Agasarov, Benik"]
[Black "Ibadov, Dashgyn"]
[WhiteFideId "13314823"]
[BlackFideId "24107514"]
[WhiteElo "2178"]
[BlackElo "2208"]
[Result "1-0"]
[Round "09"]
[TimeControl "180+1"]
[Date "2022.11.23"]
[WhiteClock "0:00:07"]
[BlackClock "0:00:01"]

1. d4 Nf6 2. c4 e6 3. Nc3 c5 4. d5 exd5 5. cxd5 d6 6. e4 g6 7. f4 Bg7 8. Bb5+ Nfd7 9. Be2 O-O 10. Nf3 Re8 11. O-O Nf6 12. e5 dxe5 13. fxe5 Ng4 14. Bg5 Qb6 15. Na4 Qa5 16. e6 fxe6 17. d6 Bd7 18. Nc3 Nc6 19. h3 Nh6 20. Ne4 Rf8 21. Bd2 Qb6 22. Qc1 Nf5 23. Qxc5 Ncd4 24. Qxb6 Nxe2+ 25. Kf2 axb6 26. Kxe2 Bb5+ 27. Kf2 Bxf1 28. Kxf1 Bxb2 29. Rb1 Rxa2 30. Ke2 Nd4+ 31. Nxd4 Bxd4 32. Kd3 e5 33. Bh6 Rfa8 34. Rf1 b5 35. Nf6+ Kh8 36. d7 b4 37. Ne8 Bc5 38. Bf8 R2a3+ 39. Ke4 Re3+ 40. Kd5 b3 41. Bxc5 h5 42. Rf8+ Kh7 43. Rf7+ Kh6 44. Bxe3+ g5 45. Rf6+ Kh7 46. Rb6 Rd8 47. Rxb7 b2 48. Rxb2 Rxd7+ 49. Ke6 Rd3 50. Nf6+ Kh6 51. Re2 Kg6 52. Kxe5 Ra3 53. Ne4 g4 54. hxg4 hxg4 55. Bd4 Kh5 56. Kf4 Ra4 57. Ng3+ Kh4 58. Nf5+ Kh5 59. g3 Rb4 60. Rh2+ Kg6 61. Rh6+ Kf7 62. Rf6+ Kg8 63. Kxg4 Ra4 64. Kg5 Kh7 65. g4 Kg8 66. Nh6+ Kh7 67. Rf7# 1-0


[Site "https://www.chess.com"]

[Event "Titled Tuesday Blitz November 22 Early 2022"]
[White "Aizpurua, Patrick Emilio"]
[Black "Heinemann, Josefine"]
[WhiteFideId "6600522"]
[BlackFideId "12900460"]
[WhiteElo "2378"]
[BlackElo "2300"]
[Result "1-0"]
[Round "09"]
[TimeControl "180+1"]
[Date "2022.11.23"]
[WhiteClock "0:00:20"]
[BlackClock "0:00:22"]

1. d4 Nf6 2. c4 e6 3. Nf3 d5 4. g3 dxc4 5. Bg2 c5 6. O-O Nc6 7. Ne5 Bd7 8. Na3 cxd4 9. Naxc4 Rc8 10. b3 Bc5 11. Bb2 O-O 12. Rc1 Qe7 13. Qd3 b5 14. Nxc6 Bxc6 15. Ne5 Bxg2 16. Kxg2 Qb7+ 17. Kg1 Rfd8 18. Rfd1 h6 19. Rc2 Bb6 20. Rxc8 Qxc8 21. Rc1 Qb7 22. Nc6 Rd6 23. Qf3 d3 24. exd3 Rd5 25. Ne5 Qb8 26. Qe2 Qd8 27. h3 Qd6 28. Rc8+ Kh7 29. Rh8+ Kxh8 30. Nxf7+ Kg8 31. Nxd6 Rxd6 32. Bxf6 gxf6 33. h4 Kf7 34. h5 Rd5 35. Kg2 Rf5 36. f4 Rd5 37. Qg4 Ke7 38. Qg7+ Kd6 39. Qxf6 Rxd3 40. Qxh6 Rd2+ 41. Kh3 Rxa2 42. Qf8+ Kd7 43. h6 Ra1 44. Qg7+ 1-0


[Site "https://www.chess.com"]

[Event "Titled Tuesday Blitz November 22 Early 2022"]
[White "Akbas, Umut Ata"]
[Black "Principe, Gerson"]
[WhiteFideId "44572646"]
[BlackFideId "3804550"]
[WhiteElo "2192"]
[BlackElo "2280"]
[Result "1-0"]
[Round "09"]
[TimeControl "180+1"]
[Date "2022.11.22"]
[WhiteClock "0:00:15"]
[BlackClock "0:00:04"]

1. c4 e6 2. Nc3 d5 3. d4 Nf6 4. cxd5 exd5 5. Bg5 c6 6. e3 Be7 7. Bd3 O-O 8. Nge2 Nbd7 9. Qc2 Re8 10. O-O Nf8 11. Rab1 g6 12. b4 a6 13. a4 Ne6 14. Bh4 Ng7 15. b5 axb5 16. axb5 Bf5 17. bxc6 bxc6 18. Rfc1 Rc8 19. Bxf6 Bxf6 20. Na4 Bxd3 21. Qxd3 Ne6 22. Qa6 Qd6 23. Nc5 Ra8 24. Qb7 Nxc5 25. dxc5 Qe6 26. Nf4 Qc8 27. Nd3 Qxb7 28. Rxb7 Reb8 29. Rb6 Rc8 30. Nb4 Bb2 31. Rb1 Ba3 32. Nd3 Ra5 33. Ra1 Bb4 34. Rxa5 Bxa5 35. Ra6 Bc3 36. Kf1 Bf6 37. Nb4 Be7 38. Rxc6 Rxc6 39. Nxc6 Bxc5 40. Ke2 Kf8 41. Kd3 Ke8 42. Ne5 Ke7 43. Nf3 f6 44. g4 Bb6 45. h4 Bc5 46. h5 Bb6 47. hxg6 hxg6 48. Nh4 Kf7 49. Ng2 g5 50. Ne1 Ke6 51. Nc2 Bc5 52. Nd4+ Bxd4 53. Kxd4 Kd6 54. f4 Ke6 55. Kc5 gxf4 56. exf4 d4 57. Kxd4 Kd6 58. Kc4 Kc6 59. Kc3 Kc5 60. Kd3 Kd5 61. Ke3 Kd6 62. Kd4 Ke6 63. Ke4 Ke7 64. Kd5 Kd7 65. f5 Ke7 66. Kc6 Kf7 67. Kd7 Kg7 68. Ke7 Kh6 69. Kxf6 Kh7 70. Ke7 Kg8 71. f6 Kh8 72. f7 1-0


[Site "https://www.chess.com"]

[Event "Titled Tuesday Blitz November 22 Early 2022"]
[White "Al-Tarboush, Ward"]
[Black "Chuemsakul, Sarocha"]
[WhiteFideId "7601450"]
[BlackFideId "6203710"]
[WhiteElo "2273"]
[BlackElo "1686"]
[Result "1-0"]
[Round "09"]
[TimeControl "180+1"]
[Date "2022.11.23"]
[WhiteClock "0:02:02"]
[BlackClock "0:00:13"]

1. e4 c5 2. Nf3 Nf6 3. e5 Nd5 4. Nc3 e6 5. Nxd5 exd5 6. d4 Nc6 7. dxc5 Bxc5 8. Qxd5 Qb6 9. Qd2 O-O 10. Bc4 Nd4 11. Nxd4 Bxd4 12. O-O Bxe5 13. Qd3 Qc7 14. f4 Bf6 15. Be3 a6 16. c3 b5 17. Bb3 Bb7 18. Bc2 g6 19. Rad1 Bc6 20. f5 Be5 21. f6 Bxh2+ 22. Kh1 Be5 23. Bd4 Bg3 24. Qe3 Rae8 25. Qh6 1-0


[Site "https://www.chess.com"]

[Event "Titled Tuesday Blitz November 22 Early 2022"]
[White "Aldokhin, Ivan"]
[Black "Sreyas Payyappat"]
[WhiteFideId "24115720"]
[BlackFideId "46674969"]
[WhiteElo "2313"]
[BlackElo "2083"]
[Result "1-0"]
[Round "09"]
[TimeControl "180+1"]
[Date "2022.11.23"]
[WhiteClock "0:01:45"]
[BlackClock "0:01:44"]

1. e4 c6 2. Nc3 d5 3. Nf3 dxe4 4. Nxe4 Nf6 5. Nxf6+ exf6 6. d4 Bd6 7. Bc4 O-O 8. O-O Bg4 9. h3 Bxf3 10. Qxf3 Nd7 11. Re1 Nb6 12. Bb3 a5 13. a4 Re8 14. Bd2 Qd7 15. Rxe8+ Rxe8 16. Bxa5 Nd5 17. Bd2 Bb8 18. Re1 Rxe1+ 19. Bxe1 Qd6 20. g3 g6 21. Bd2 Qe6 22. h4 h5 23. c4 Ne7 24. d5 cxd5 25. cxd5 Qd6 26. Bf4 Qd8 27. Bxb8 Qxb8 28. Qxf6 Qf8 29. d6 Nc6 30. Qxg6+ 1-0


[Site "https://www.chess.com"]

[Event "Titled Tuesday Blitz November 22 Early 2022"]
[White "Aloma Vidal, Robert"]
[Black "Gabrielian, Artur"]
[WhiteFideId "2260409"]
[BlackFideId "4131002"]
[WhiteElo "2435"]
[BlackElo "2432"]
[Result "1-0"]
[Round "09"]
[TimeControl "180+1"]
[Date "2022.11.23"]
[WhiteClock "0:00:27"]
[BlackClock "0:00:01"]

1. e4 c5 2. c3 d6 3. d4 Nf6 4. Bd3 Qc7 5. Nf3 g6 6. O-O Bg7 7. h3 O-O 8. Bf4 Nfd7 9. Nbd2 Nc6 10. d5 Nce5 11. Be2 Nxf3+ 12. Nxf3 a6 13. a4 Rb8 14. Qd2 b5 15. axb5 axb5 16. Bh6 b4 17. Bxg7 Kxg7 18. Rfc1 bxc3 19. Qxc3+ Kg8 20. b4 Qb6 21. bxc5 Nxc5 22. e5 Ne4 23. Qd4 Qxd4 24. Nxd4 dxe5 25. Nc6 Rb7 26. Ba6 e6 27. dxe6 fxe6 28. Bxb7 Bxb7 29. f3 Ng3 30. Kh2 Ne2 31. Rc5 Bxc6 32. Rxc6 Nd4 33. Rc7 Rf7 34. Ra8+ Kg7 35. Rcc8 h5 36. Rg8+ Kf6 37. h4 Nf5 38. Kh3 Nd4 39. Rae8 Kf5 40. Rgf8 Kf6 41. Kg3 Nf5+ 42. Kh3 Nd4 43. Rxf7+ Kxf7 44. Rb8 Kf6 45. Ra8 Kf7 46. Ra3 Kf6 47. g4 Ne2 48. Kg2 Nf4+ 49. Kf2 g5 50. hxg5+ Kxg5 51. gxh5 Nxh5 52. Ke3 Kf5 53. Ra8 1-0


[Site "https://www.chess.com"]

[Event "Titled Tuesday Blitz November 22 Early 2022"]
[White "Andreikin, Dmitry"]
[Black "Ozen, Bahadir"]
[WhiteFideId "4158814"]
[BlackFideId "6337058"]
[WhiteElo "2736"]
[BlackElo "2503"]
[Result "1-0"]
[Round "09"]
[TimeControl "180+1"]
[Date "2022.11.22"]
[WhiteClock "0:00:18"]
[BlackClock "0:00:02"]

1. d4 d5 2. c4 c6 3. Nf3 Nf6 4. Qc2 dxc4 5. e4 b5 6. b3 cxb3 7. axb3 e6 8. Bd3 Be7 9. O-O h6 10. Bd2 Bb7 11. Ba5 Qc8 12. Nc3 b4 13. Na4 Na6 14. Rfc1 O-O 15. Ne5 Bd8 16. Bxa6 Bxa5 17. Bxb7 Qxb7 18. Nc5 Qb5 19. Nc4 Bc7 20. Na6 Rac8 21. Nxc7 Rxc7 22. Ra5 Qb8 23. Ne5 Rfc8 24. Rc5 Qb6 25. Nxc6 Kh8 26. Ne7 Qxc5 27. dxc5 Rxe7 28. c6 Rec7 29. Qc5 Nxe4 30. Qxb4 Nf6 31. g3 Nd5 32. Qa5 Ne7 33. b4 Rxc6 34. Rxc6 Nxc6 35. Qc5 a6 36. Qb6 Nb8 37. Qb7 Rf8 38. h4 h5 39. Kg2 Kg8 40. Kf3 Rd8 41. Qc7 Rf8 42. Kf4 g6 43. Kg5 Kg7 44. Kf4 Re8 45. Ke5 Rd8 46. Ke4 Re8 47. f3 e5 48. g4 hxg4 49. fxg4 Kg8 50. h5 gxh5 51. gxh5 Kg7 52. Kf5 e4 53. h6+ Kxh6 54. Qxf7 1-0


[Site "https://www.chess.com"]

[Event "Titled Tuesday Blitz November 22 Early 2022"]
[White "Aradhya, Garg"]
[Black "Ginzburg, Yakov"]
[WhiteFideId "25006746"]
[BlackFideId "4157176"]
[WhiteElo "2223"]
[BlackElo "2305"]
[Result "1-0"]
[Round "09"]
[TimeControl "180+1"]
[Date "2022.11.23"]
[WhiteClock "0:00:26"]
[BlackClock "0:00:05"]

1. d4 d5 2. c4 c6 3. Nc3 Nf6 4. Nf3 dxc4 5. a4 Bf5 6. Ne5 e6 7. Bg5 Bb4 8. f3 c5 9. dxc5 Qxd1+ 10. Rxd1 Bc2 11. Rc1 Bxa4 12. Nxc4 O-O 13. Bd2 Bc6 14. Ne4 Nxe4 15. Bxb4 Na6 16. Ba3 Nexc5 17. Ne5 Nb3 18. Rc3 Nd4 19. e3 Nb5 20. Bxb5 Bxb5 21. Bxf8 Kxf8 22. Kf2 Rd8 23. Nc4 Bxc4 24. Rxc4 Rd2+ 25. Kg3 Rxb2 26. Rd1 Ke7 27. Rc8 Ra2 28. e4 f5 29. e5 Ra5 30. Rg8 Kf7 31. Ra8 Nc5 32. Rdd8 Ra4 33. Rdc8 b6 34. Rc7+ Kg6 35. Rg8 f4+ 36. Kg4 h5+ 37. Kh4 Kf5 38. Rgxg7 Kxe5 39. Rxa7 Rd4 40. Kxh5 Rd2 41. h4 Kd5 42. Rad7+ Nxd7 43. Rxd7+ 1-0


[Site "https://www.chess.com"]

[Event "Titled Tuesday Blitz November 22 Early 2022"]
[White "Arbunic Castro, Giovanna"]
[Black "Shapiro, Daniel"]
[WhiteFideId "3400549"]
[BlackFideId "2001780"]
[WhiteElo "1971"]
[BlackElo "2309"]
[Result "0-1"]
[Round "09"]
[TimeControl "180+1"]
[Date "2022.11.23"]
[WhiteClock "0:00:03"]
[BlackClock "0:00:06"]

1. e4 e5 2. d4 exd4 3. Qxd4 Nc6 4. Qe3 Bb4+ 5. Nc3 d6 6. Bd2 Nf6 7. O-O-O Be6 8. f3 O-O 9. g4 Bc5 10. Qe1 d5 11. Bg5 d4 12. e5 Qc8 13. exf6 dxc3 14. Qxc3 Bb4 15. Qe3 Re8 16. Qf2 Bxa2 17. fxg7 Qe6 18. Bd3 Ne5 19. Bxh7+ Kxg7 20. Bf5 Qa6 21. Qh4 Rh8 22. Qg3 f6 23. Nh3 Be6 24. c3 Qa1+ 25. Kc2 Qa4+ 26. Kc1 Bxf5 27. gxf5 Rxh3 28. Qxh3 Qa1+ 29. Kc2 Qa4+ 30. Kb1 fxg5 31. cxb4 Rf8 32. Qg4 Kf6 33. Qe4 Qb5 34. Rhe1 Re8 0-1


[Site "https://www.chess.com"]

[Event "Titled Tuesday Blitz November 22 Early 2022"]
[White "Artemenko, Oleg"]
[Black "Salman, Pavel"]
[WhiteFideId "14201798"]
[BlackFideId "24153753"]
[WhiteElo "2287"]
[BlackElo "2187"]
[Result "1-0"]
[Round "09"]
[TimeControl "180+1"]
[Date "2022.11.23"]
[WhiteClock "0:01:42"]
[BlackClock "0:00:09"]

1. d4 Nf6 2. Nc3 g6 3. e4 d6 4. f4 Bg7 5. Bd3 c5 6. dxc5 dxc5 7. e5 Ng4 8. Nf3 O-O 9. h3 c4 10. Bxc4 Nh6 11. Qe2 Nf5 12. Qf2 Nc6 13. g4 Nfd4 14. Be3 Nxf3+ 15. Qxf3 e6 16. Rd1 Qa5 17. h4 Qb4 18. Bb3 f6 19. a3 Qa5 20. exf6 Bxf6 21. Qe4 Bxc3+ 22. bxc3 Qxc3+ 23. Ke2 a5 24. Rd3 Qg7 25. h5 a4 26. Ba2 Ra5 27. hxg6 Qxg6 28. f5 Qg7 29. fxe6 Ne7 30. c3 Rg5 31. Bxg5 Ng6 32. e7+ Kh8 33. exf8=Q+ Nxf8 34. Qd4 1-0


[Site "https://www.chess.com"]

[Event "Titled Tuesday Blitz November 22 Early 2022"]
[White "Averjanov, Alexey"]
[Black "Kulkarni, Vikramaditya"]
[WhiteFideId "14109867"]
[BlackFideId "5009847"]
[WhiteElo "2605"]
[BlackElo "2273"]
[Result "1-0"]
[Round "09"]
[TimeControl "180+1"]
[Date "2022.11.23"]
[WhiteClock "0:00:29"]
[BlackClock "0:01:12"]

1. d4 d6 2. c4 e5 3. Nc3 exd4 4. Qxd4 Nc6 5. Qd2 Nf6 6. b3 a5 7. Bb2 a4 8. Rc1 axb3 9. axb3 Be7 10. e4 O-O 11. Bd3 Na5 12. Bc2 Nd7 13. Nge2 Nc5 14. Qd1 Nc6 15. Nd5 Re8 16. O-O Bf8 17. Nec3 Ne6 18. f4 Ncd4 19. f5 Nxc2 20. fxe6 fxe6 21. Rxc2 exd5 22. Nxd5 c6 23. Nf4 Qb6+ 24. Rcf2 Rxe4 25. Nd5 cxd5 26. Qxd5+ Kh8 27. Bd4 Be6 28. Qxe4 1-0


[Site "https://www.chess.com"]

[Event "Titled Tuesday Blitz November 22 Early 2022"]
[White "Balabayeva, Xeniya"]
[Black "Pajeken, Jakob Leon"]
[WhiteFideId "13719688"]
[BlackFideId "12942839"]
[WhiteElo "2041"]
[BlackElo "2429"]
[Result "0-1"]
[Round "09"]
[TimeControl "180+1"]
[Date "2022.11.23"]
[WhiteClock "0:00:04"]
[BlackClock "0:01:41"]

1. d4 d5 2. c4 dxc4 3. Nc3 Nf6 4. e3 e6 5. Bxc4 c5 6. Nf3 a6 7. a4 Nc6 8. Ne2 Qc7 9. b3 cxd4 10. Nexd4 Na5 11. Qe2 Nxc4 12. Qxc4 Qxc4 13. bxc4 Nd7 14. a5 Nc5 15. Bd2 Bd6 16. Bc3 e5 17. Nc2 f6 18. Ke2 Ke7 19. Rhd1 Bg4 20. h3 Bxf3+ 21. gxf3 Rac8 22. Rab1 Na4 23. Rxb7+ Ke6 24. Bb4 Bxb4 25. Nxb4 Nc3+ 26. Ke1 Nxd1 27. Rb6+ Kf5 28. Kxd1 Rhd8+ 29. Ke2 Rxc4 30. e4+ Kf4 31. Nd5+ Kg5 32. Rxa6 Rb8 33. Ra7 Kh6 34. Nb6 Rc3 35. Nd5 Ra3 36. Ne7 g6 37. a6 Rb2+ 38. Kf1 Rxf3 39. Ng8+ Kg5 40. Rxh7 Rfxf2+ 41. Kg1 Rfc2 0-1


[Site "https://www.chess.com"]

[Event "Titled Tuesday Blitz November 22 Early 2022"]
[White "Bazeev, German"]
[Black "Oparin, Grigoriy"]
[WhiteFideId "24119350"]
[BlackFideId "24125890"]
[WhiteElo "2493"]
[BlackElo "2639"]
[Result "0-1"]
[Round "09"]
[TimeControl "180+1"]
[Date "2022.11.22"]
[WhiteClock "0:00:20"]
[BlackClock "0:00:58"]

1. d4 d5 2. Nf3 Nf6 3. c4 e6 4. g3 Bb4+ 5. Bd2 a5 6. Qc2 dxc4 7. a3 Bxd2+ 8. Nbxd2 b5 9. a4 c6 10. b3 cxb3 11. Nxb3 O-O 12. Bg2 Na6 13. O-O Nb4 14. Qc1 bxa4 15. Nc5 Ba6 16. Nxa6 Rxa6 17. Rxa4 Qd6 18. e3 Rc8 19. Qa1 c5 20. Rc1 Rac6 21. Ne5 R6c7 22. Rxa5 cxd4 23. Rxc7 Qxc7 24. exd4 g6 25. Rc5 Qb8 26. Qc3 Rf8 27. Nc6 Nxc6 28. Bxc6 Qd6 29. Bf3 Rd8 30. Rc4 Kg7 31. h4 h6 32. Kg2 Qb6 33. Qb4 Qxb4 34. Rxb4 Rd6 35. Rc4 Ng8 36. Be4 Ne7 37. Kf3 f5 38. Bd3 e5 39. Rc7 Kf8 40. h5 e4+ 41. Bxe4 fxe4+ 42. Kxe4 g5 43. f4 gxf4 44. gxf4 Re6+ 45. Kf3 Nd5 46. Rc5 Nf6 47. Re5 Rd6 48. Ke3 Ng4+ 0-1


[Site "https://www.chess.com"]

[Event "Titled Tuesday Blitz November 22 Early 2022"]
[White "Begmuratov, Khumoyun"]
[Black "Grandelius, Nils"]
[WhiteFideId "14210207"]
[BlackFideId "1710400"]
[WhiteElo "2267"]
[BlackElo "2617"]
[Result "0-1"]
[Round "09"]
[TimeControl "180+1"]
[Date "2022.11.22"]
[WhiteClock "0:00:11"]
[BlackClock "0:00:52"]

1. e4 c5 2. Nc3 e6 3. g3 d5 4. Bg2 dxe4 5. Nxe4 Nc6 6. Ne2 Nh6 7. O-O Be7 8. d3 Nf5 9. b3 O-O 10. Bb2 Nfd4 11. c3 Nxe2+ 12. Qxe2 e5 13. Nd2 Bf5 14. Be4 Qd7 15. Nc4 Rad8 16. Rad1 Bg4 17. f3 Bh3 18. Bxc6 Bxf1 19. Qxe5 Qxc6 20. Qxe7 Rfe8 21. Qg5 f6 22. Qf4 Bxd3 23. Na5 Qa6 24. b4 c4 25. a4 Qb6+ 26. Kh1 Qf2 27. Qc1 Re2 0-1


[Site "https://www.chess.com"]

[Event "Titled Tuesday Blitz November 22 Early 2022"]
[White "Bilych, Olexiy"]
[Black "Arabidze, Meri"]
[WhiteFideId "14156504"]
[BlackFideId "13604040"]
[WhiteElo "2320"]
[BlackElo "2403"]
[Result "1-0"]
[Round "09"]
[TimeControl "180+1"]
[Date "2022.11.22"]
[WhiteClock "0:00:04"]
[BlackClock "0:00:09"]

1. d4 Nf6 2. c4 e6 3. Nc3 Bb4 4. e3 b6 5. Nf3 Bb7 6. Bd3 Ne4 7. Bd2 Bxc3 8. Bxe4 Bxe4 9. Bxc3 O-O 10. O-O f5 11. Nd2 Bb7 12. Qe2 d6 13. e4 f4 14. d5 e5 15. b4 Nd7 16. f3 c5 17. a3 Ba6 18. b5 Bb7 19. a4 a5 20. bxa6 Rxa6 21. Rfb1 Qc7 22. Nb3 Rfa8 23. a5 Bc8 24. Qb2 h6 25. axb6 Nxb6 26. Na5 Bd7 27. Qb3 Kh7 28. Ra3 h5 29. Rba1 Rb8 30. Qc2 Kh6 31. Qf2 Na4 32. Qd2 Nxc3 33. Qxc3 Rb4 34. h4 Qd8 35. Qe1 Rab6 36. Kh2 Rb2 37. R3a2 Qf6 38. Rxb2 Rxb2 39. Nc6 g5 40. Ra7 Be8 41. Nd8 g4 42. fxg4 hxg4 43. Ne6 f3 44. Qc1+ Kh5 45. Rh7+ Kg6 46. Qh6# 1-0


[Site "https://www.chess.com"]

[Event "Titled Tuesday Blitz November 22 Early 2022"]
[White "Bon, Michael"]
[Black "Goltseva, Ekaterina"]
[WhiteFideId "620696"]
[BlackFideId "24173770"]
[WhiteElo "2367"]
[BlackElo "2200"]
[Result "1-0"]
[Round "09"]
[TimeControl "180+1"]
[Date "2022.11.23"]
[WhiteClock "0:00:04"]
[BlackClock "0:00:01"]

1. e4 e5 2. Nf3 Nc6 3. Nc3 Nf6 4. Bb5 Bb4 5. O-O O-O 6. d3 Bxc3 7. bxc3 d6 8. Re1 h6 9. h3 Bd7 10. a4 Na5 11. d4 Re8 12. Bd3 c5 13. d5 Rf8 14. c4 b6 15. g4 Qe8 16. Nh4 Bxa4 17. Nf5 Nb7 18. Ra3 Bd7 19. Bf1 Kh7 20. Rg3 Ng8 21. Bd3 g6 22. Ne3 Qe7 23. Kh2 Qh4 24. Reg1 a6 25. Ng2 Qf6 26. f4 exf4 27. Bxf4 b5 28. g5 Qd4 29. Be3 Qe5 30. Bf4 Qd4 31. Be3 Qe5 32. Bf4 Qb2 33. gxh6 bxc4 34. Bxc4 Qd4 35. Qe2 Nxh6 36. Bd3 Ng8 37. Be3 Qe5 38. Bf4 Qe7 39. e5 c4 40. Qh5+ Kg7 41. Rxg6+ fxg6 42. Qxg6+ Kh8 43. Nh4 cxd3 44. Qh5+ Qh7 45. Ng6+ Kg7 46. Nxf8+ Bg4 47. Rxg4+ 1-0


[Site "https://www.chess.com"]

[Event "Titled Tuesday Blitz November 22 Early 2022"]
[White "Boros, Denes"]
[Black "Pultinevicius, Paulius"]
[WhiteFideId "722340"]
[BlackFideId "12809390"]
[WhiteElo "2464"]
[BlackElo "2493"]
[Result "0-1"]
[Round "09"]
[TimeControl "180+1"]
[Date "2022.11.22"]
[WhiteClock "0:00:24"]
[BlackClock "0:00:20"]

1. d4 Nf6 2. Nc3 d5 3. Nf3 c5 4. Bf4 cxd4 5. Qxd4 Nc6 6. Qd3 g6 7. Nb5 Bf5 8. Nc7+ Qxc7 9. Bxc7 Bxd3 10. exd3 Rc8 11. Be5 Nxe5 12. Nxe5 Rxc2 13. d4 Bh6 14. Bd3 Rxb2 15. O-O O-O 16. Rfb1 Rxb1+ 17. Rxb1 Rc8 18. Rxb7 Rc1+ 19. Bf1 Ne4 20. Rxe7 Nd2 21. g3 Rxf1+ 22. Kg2 Re1 23. Rxa7 Re2 24. Nxf7 Be3 25. Ne5 Rxf2+ 26. Kh3 Nf1 27. Ng4 Rf8 28. Rd7 h5 29. Nxe3 Nxe3 30. Re7 Nf5 31. Rd7 Ra8 32. g4 Ra3+ 33. Kg2 hxg4 34. Kg1 Nxd4 35. Rxd5 Nf5 36. Rd2 Kg7 37. Rg2 Ne3 38. Rg3 Kf6 39. Kf2 Nd1+ 40. Ke1 Rxg3 41. hxg3 Nc3 42. a3 Ke5 43. Kf2 Ke4 44. Kg2 Ke3 45. Kg1 Kf3 46. Kh2 Kf2 47. Kh1 Kxg3 48. Kg1 Kf3 49. a4 Nxa4 50. Kh1 Kf2 51. Kh2 g3+ 52. Kh3 g2 53. Kh4 0-1


[Site "https://www.chess.com"]

[Event "Titled Tuesday Blitz November 22 Early 2022"]
[White "Bristy, Mukherjee"]
[Black "Nanditha, V"]
[WhiteFideId "25077325"]
[BlackFideId "46626697"]
[WhiteElo "1715"]
[BlackElo "1564"]
[Result "1-0"]
[Round "09"]
[TimeControl "180+1"]
[Date "2022.11.23"]
[WhiteClock "0:02:10"]
[BlackClock "0:00:16"]

1. d4 d5 2. Bg5 h6 3. Bh4 g5 4. Bg3 Bg7 5. e3 Nf6 6. c4 c6 7. Nc3 Bg4 8. Qb3 Qb6 9. cxd5 cxd5 10. Bb5+ Nbd7 11. Nxd5 Nxd5 12. Qxd5 Qa5+ 13. Kf1 Qd2 14. Qxb7 Rd8 15. Nf3 O-O 16. Nxd2 1-0


[Site "https://www.chess.com"]

[Event "Titled Tuesday Blitz November 22 Early 2022"]
[White "Caruana, Fabiano"]
[Black "Chigaev, Maksim"]
[WhiteFideId "2020009"]
[BlackFideId "4108116"]
[WhiteElo "2847"]
[BlackElo "2541"]
[Result "0-1"]
[Round "09"]
[TimeControl "180+1"]
[Date "2022.11.22"]
[WhiteClock "0:00:10"]
[BlackClock "0:00:50"]

1. e4 c5 2. Nf3 e6 3. b3 a6 4. Bb2 Nc6 5. g3 d5 6. exd5 exd5 7. Qe2+ Be6 8. Bg2 d4 9. O-O Be7 10. Ne5 Nxe5 11. Qxe5 Rb8 12. c3 b6 13. cxd4 Bf6 14. Qe2 Bxd4 15. Bxd4 Qxd4 16. Nc3 Nf6 17. Qxa6 O-O 18. Rac1 h5 19. h3 h4 20. g4 Qxd2 21. Qe2 Qf4 22. Rfe1 Rfd8 23. Rcd1 Rd4 24. Rxd4 cxd4 25. Ne4 Rd8 26. Qd2 Qxd2 27. Nxd2 Nd5 28. Nf3 Nf4 29. Nxh4 d3 30. Bf1 Ra8 31. Rd1 Rxa2 32. Bxd3 Nxh3+ 33. Kg2 Nxf2 34. Bb1 Nxd1+ 35. Bxa2 Nc3 36. Kf3 Nxa2 0-1


[Site "https://www.chess.com"]

[Event "Titled Tuesday Blitz November 22 Early 2022"]
[White "Castillo Pena, Patricia Evarista"]
[Black "Kriti Mayur Patel"]
[WhiteFideId "6412106"]
[BlackFideId "35061780"]
[WhiteElo "1919"]
[BlackElo "1306"]
[Result "0-1"]
[Round "09"]
[TimeControl "180+1"]
[Date "2022.11.23"]
[WhiteClock "0:00:02"]
[BlackClock "0:00:11"]

1. d4 d5 2. Nf3 Nf6 3. e3 e6 4. Bd3 Be7 5. O-O O-O 6. b3 c5 7. Bb2 Nc6 8. Nbd2 b6 9. Ne5 Bb7 10. f4 Nxe5 11. fxe5 Nd7 12. Rf3 f5 13. exf6 Bxf6 14. Bxh7+ Kxh7 15. Rh3+ Kg8 16. Qh5 Bg5 17. dxc5 bxc5 18. Qh7+ Kf7 19. Qxg7+ Ke8 20. Qg6+ Ke7 21. Qxg5+ Kd6 22. Qg3+ Kc6 23. c4 Rg8 24. cxd5+ exd5 25. Rh6+ Kb5 26. a4+ Kb4 27. Qf4+ d4 28. exd4 Rxg2+ 29. Kf1 Qf8 30. Ba3+ Ka5 31. b4+ cxb4 32. Nc4+ Kxa4 33. Bc1+ Kb3 34. Rh3+ Kxc4 35. Qxf8 Rxf8+ 36. Ke1 Re8+ 37. Kd1 Rg1+ 38. Kc2 Re2+ 39. Kb1 Be4+ 0-1


[Site "https://www.chess.com"]

[Event "Titled Tuesday Blitz November 22 Early 2022"]
[White "Chernov, Mikhail"]
[Black "Viskelis, Darius"]
[WhiteFideId "24143170"]
[BlackFideId "12800830"]
[WhiteElo "2113"]
[BlackElo "2025"]
[Result "0-1"]
[Round "09"]
[TimeControl "180+1"]
[Date "2022.11.23"]
[WhiteClock "0:00:14"]
[BlackClock "0:00:07"]

1. e4 c5 2. Nf3 g6 3. h4 h5 4. Ng5 Bg7 5. Nc3 Nc6 6. Bc4 e6 7. d3 Nf6 8. a3 O-O 9. Ba2 d5 10. O-O d4 11. Ne2 Ng4 12. f3 Ne3 13. Bxe3 dxe3 14. Qc1 Nd4 15. Nxd4 cxd4 16. Qd1 Qc7 17. Qe2 Qg3 18. Qe1 Be5 19. Qxg3 Bxg3 20. Nh3 Bxh4 21. Nf4 e5 22. Ne2 Kg7 23. Bd5 Bf2+ 24. Kh2 a5 25. c4 a4 26. Rac1 g5 27. c5 Ra6 28. Rc4 g4 29. f4 h4 30. f5 g3+ 31. Kh1 Rh8 32. c6 bxc6 33. Rxc6 h3 34. gxh3 Rxh3+ 35. Kg2 Rh2+ 36. Kf3 g2 37. Rfc1 Rxc6 38. Bxc6 g1=Q 39. Nxg1 Bxg1 40. Rxg1+ Kf6 41. Rg2 Rh1 42. Bxa4 Rf1+ 43. Kg4 Rb1 44. Kf3 Ba6 45. Ke2 Rxb2+ 46. Kf3 Rxg2 47. Kxg2 Bxd3 48. Bd1 e2 49. Bxe2 Bxe2 50. Kf2 Bd3 51. a4 Bxe4 52. a5 Bxf5 53. Ke1 Be4 54. Kd2 Bb7 55. a6 Bxa6 56. Ke1 Ke6 57. Kf2 Kd5 58. Kg3 e4 59. Kf2 d3 60. Ke1 f5 61. Kf2 Kd4 62. Kg3 e3 63. Kh2 d2 64. Kh1 d1=Q+ 65. Kh2 Qf3 66. Kg1 Qf2+ 67. Kh1 Bb7# 0-1


[Site "https://www.chess.com"]